 Dungeon Crawl Stone Soup version 0.17-a0-1691-g18a3847 (webtiles) character file.

83 demonpo the Bolt Thrower (level 4, -9/39 HPs)
             Began as a Deep Dwarf Hunter on Aug 20, 2015.
             Mangled by an orc wizard
             ... wielding a +0 dagger of electrocution
              (14 damage)
             ... on level 3 of the Dungeon.
             The game lasted 00:20:20 (1663 turns).

demonpo the Bolt Thrower (Deep Dwarf Hunter)        Turns: 1663, Time: 00:20:20

Health: -9/39      AC:  3    Str: 17      XL:     4   Next: 22%
Magic:  4/4        EV: 12    Int: 11      God:
Gold:   41         SH:  0    Dex: 10 (13) Spells: 0 memorised, 3 levels left

rFire  . . .     SeeInvis .     a - +1 hand crossbow
rCold  . . .     Clarity  .     d - +0 leather armour
rNeg   . . .     SustAt   .     (no shield)
rPois  .         Gourm    .     (no helmet)
rElec  .         Spirit   .     (no cloak)
rCorr  .         Warding  .     (no gloves)
rMut   .         Stasis   .     (no boots)
MR     .....                    (no amulet)
Stlth  +.........               (no ring)
                                j - ring of flight

@: non-regenerating, not resistant to hostile enchantments, very unstealthy
A: damage resistance, recharge devices, sense surroundings 1, slow healing 3
a: Device Recharging, Evoke Flight


You were on level 3 of the Dungeon.
You were not hungry.

You visited 1 branch of the dungeon, and saw 3 of its levels.

You collected 41 gold pieces.

Inventory:

Hand weapons
 a - a +1 hand crossbow (weapon)
 c - a +0 short sword
 f - a +1 hand axe of chopping
Missiles
 b - 18 bolts (quivered)
Armour
 d - a +0 leather armour (worn)
 g - a +0 chain mail
Jewellery
 j - a ring of flight (left hand)
 l - a +2 ring of protection {unknown}
 n - a cursed ring of loudness {unknown}
Magical devices
 e - a wand of heal wounds (5)
 h - a wand of fireball (5)
Scrolls
 i - 2 scrolls of immolation
Potions
 k - a potion of poison
 o - a potion of degeneration
Comestibles
 m - 2 bread rations


   Skills:
 + Level 1.9 Fighting
 + Level 5.8 Crossbows
 + Level 1.3 Armour
 + Level 2.5 Dodging
 + Level 1.4 Stealth


You had 3 spell levels left.
You didn't know any spells.

Dungeon Overview and Level Annotations

Branches:
Dungeon (3/15)

Altars:


Innate Abilities, Weirdness & Mutations

You are resistant to damage.
You can recharge devices by infusing magical energy.
You passively map a small area around you.
You do not heal naturally.


Message History

The bolt hits the orc priest but does no damage.
The orc priest is moderately wounded.
Firing (i - inventory):
b - 21 bolts (quivered)
Press: ? - help, Shift-Dir - straight line, f/p - orc priest
Aim: an orc priest, wielding a mace and wearing a chain mail (moderately wounded)
You shoot a bolt. The bolt hits the orc priest!
The orc priest is almost dead.
Firing (i - inventory):
b - 20 bolts (quivered)
Press: ? - help, Shift-Dir - straight line, f/p - orc priest
Aim: an orc priest, wielding a mace and wearing a chain mail (almost dead)
You shoot a bolt. The bolt hits the orc!
You kill the orc!
Firing (i - inventory):
b - 19 bolts (quivered)
Press: ? - help, Shift-Dir - straight line, f/p - orc priest
Aim: an orc priest, wielding a mace and wearing a chain mail (almost dead)
You shoot a bolt.
The bolt hits the orc priest but does no damage.
The orc priest is almost dead.
Something hits you.
You are electrocuted!
You die...

###########.# *
#.#, * #.# #* #.#.#
,
##########.#.##.##
*#>..(.............
,
#.######.#†#.##.##
* *#......#.#.#.#*
#@.###.#.#.#,#*
#...(o....#.#.# **
####((#####.#.#,* *
#.(., ....., , ,
..... *###(#
......, #.# , *
.....## , , ,,
......# *


You could see an orc priest.

Vanquished Creatures
  Terence (D:2)
  2 adders
  A worm (D:1)
  A giant gecko (D:1)
  2 orcs (D:3)
  3 ball pythons (D:1)
  2 giant cockroaches
  2 goblins (D:1)
  2 hobgoblins
  4 jackals (D:3)
  3 kobolds
  6 bats (D:1)
  5 rats (D:1)
34 creatures vanquished.

Notes
Turn   | Place    | Note
--------------------------------------------------------------
     0 | D:1      | demonpo the Deep Dwarf Hunter began the quest for the Orb.
     0 | D:1      | Reached XP level 1. HP: 19/19 MP: 1/1
   476 | D:1      | Reached XP level 2. HP: 26/26 MP: 2/2
   723 | D:1      | Reached skill level 5 in Crossbows
  1227 | D:2      | Reached XP level 3. HP: 24/32 MP: 3/3
  1274 | D:2      | Noticed Terence
  1293 | D:2      | Killed Terence
  1293 | D:2      | Reached skill level 1 in Armour
  1622 | D:3      | Reached XP level 4. HP: 8/39 MP: 4/4
  1663 | D:3      | Mangled by an orc wizard

Vault maps used:
D:1:      lemuel_arrival_broad_hall
D:2:      nicolae_overflow_crystal_walls, vehumet_crystals,
          kennysheep_nondescript, minmay_bad_closet, minmay_divided_ellipse,
          uniq_terence
D:3:      first_bread, uniq_iyjb

Action                   |  1- 3 |  4- 6 || total
-------------------------+-------+-------++-------
Melee: Hand crossbow     |     1 |       ||     1
       Short sword       |    10 |       ||    10
 Fire: Hand crossbow     |    62 |    11 ||    73
  Use: Scroll            |     2 |       ||     2
       Potion            |     3 |       ||     3
  Eat: Bread ration      |     1 |       ||     1
